 Dungeon Crawl Stone Soup version 0.25.1-9-gc5326a611f (webtiles) character file.

Game seed: 10485107492598642047

28 sankara the Skirmisher (level 3, -3/34 HPs)
             Began as a Naga Fighter on Jan 1, 2021.
             Slain by an adder (4 damage)
             ... on level 1 of the Dungeon.
             The game lasted 00:02:43 (1323 turns).

sankara the Skirmisher (Naga Fighter)               Turns: 1323, Time: 00:02:43

Health: -3/34      AC:  4    Str: 18    XL:     3   Next: 14%
Magic:  3/3        EV:  5    Int:  8    God:
Gold:   66         SH:  8    Dex: 11    Spells: 2/2 levels left

rFire    . . .     SeeInvis +   a - +0 trident
rCold    . . .     Gourm    .   c - +0 kite shield
rNeg     . . .     Faith    .   b - +0 scale mail
rPois    +         Spirit   .   (no helmet)
rElec    .         Reflect  .   (no cloak)
rCorr    .         Harm     .   (no gloves)
MR       .....                  (no barding)
Stlth    ..........             (no amulet)
HPRegen  0.11/turn              (no ring)
MPRegen  0.08/turn              (no ring)

@: mighty, very slow
A: large, see invisible, deformed body, poison resistance, slowness 2, slow
metabolism 1, spit poison 1, AC +1
a: Spit Poison


You were on level 1 of the Dungeon.
You were hungry.

You visited 1 branch of the dungeon, and saw 2 of its levels.

You collected 66 gold pieces.

Inventory:

Hand Weapons
 a - a +0 trident (weapon)
Missiles
 e - 71 sling bullets
 j - 19 stones (quivered)
Armour
 b - a +0 scale mail (worn)
 c - a +0 kite shield (worn)
Scrolls
 k - 2 scrolls of identify {unknown}
 m - a scroll of teleportation {unknown}
 n - a scroll of fog {unknown}
 o - a scroll of enchant armour {unknown}
Potions
 d - a potion of might
 g - a potion of brilliance {unknown}
 h - a potion of curing {unknown}
 i - a potion of cancellation {unknown}
 l - a potion of mutation {unknown}
Comestibles
 f - 2 rations


   Skills:
 + Level 3.2 Fighting
 * Level 2.6 Polearms
 + Level 2.6 Armour
 + Level 2.6 Shields


You had 2 spell levels left.
You didn't know any spells.
Your spell library was empty.

Dungeon Overview and Level Annotations

Branches:
Dungeon (2/15)

Altars:


Innate Abilities, Weirdness & Mutations

You cannot wear boots.
Your serpentine skin is tough. (AC +1)
You have supernaturally acute eyesight. (SInv)
Armour fits poorly on your strangely shaped body.
Your system is resistant to poisons. (rPois)
You cover ground very slowly.
You have a slow metabolism.
You can spit poison.


Message History

The adder bites you but does no damage. The adder bites you.
* * * LOW HITPOINT WARNING * * *
You miss the adder.
The adder is heavily wounded.
The adder bites you but does no damage. You block the adder's attack.
The adder bites you.
* * * LOW HITPOINT WARNING * * *
The adder bites you.
* * * LOW HITPOINT WARNING * * *
Okay, then.
Your shield and scale mail prevent you from hitting the adder.
The adder is heavily wounded.
You have got your breath back.
The adder bites you but does no damage. The adder bites you.
* * * LOW HITPOINT WARNING * * *
You feel very mighty all of a sudden. The adder bites you.
* * * LOW HITPOINT WARNING * * *
The adder bites you.
You die...

#.#
####..#######...###.#.#
#.# #.....# #####
#÷#.###### #.# #.###.#
#.#....... #.# #.#
#.####### #.########
#.# #.# #.......# #.#
###### #.# #.#
#######.# ##.# #..)..
#.####.# #.# #..#
#.#### #[..##.# #S#
#.## #.# ###.##.# #@#
#.# #.# #.##.# #S# #.#
#.# #.##.#########.#
#.# #.#
#.##........##)# #.#
#.#
#.#########.#..######.#
#÷### ##.##
#..[........####...##
##...##
###.#####............
#.###.## #.#
#.########.## .##
##.########.#
##.########.#


You could see 2 adders.

Vanquished Creatures
  A gnoll (D:1)
  3 dart slugs (D:1)
  A leopard gecko (D:1)
  A ball python (D:1)
  A giant cockroach (D:1)
  A goblin (D:1)
  2 hobgoblins (D:1)
  A bat (D:1)
  A rat (D:1)
12 creatures vanquished.

Notes
Turn   | Place    | Note
-------+----------+-------------------------------------------
     0 | D:1      | sankara the Naga Fighter began the quest for the Orb.
     0 | D:1      | Reached XP level 1. HP: 21/21 MP: 1/1
   233 | D:1      | Reached XP level 2. HP: 28/28 MP: 2/2
   797 | D:1      | Reached XP level 3. HP: 8/34 MP: 0/3
  1323 | D:1      | HP: 1/34 [adder (2)]
  1323 | D:1      | Slain by an adder

Illustrated notes

Levels and vault maps discovered:
D:1:      tarquinn_simple_flora_water_a, layout_loops_ring
D:2:      layout_loops_ring, lemuel_coloured_pillars_altar, uniq_natasha

Action                   || total
-------------------------++-------
Melee: Trident           ||    68
 Abil: Spit Poison       ||     1
  Use: Potion            ||     1
Armor: Scale mail        ||    29
Dodge: Dodged            ||    16
Block: Kite shield       ||    32
